[Event "Czech Extraliga 2023-24"]
[Site "Czech Republic"]
[Date "2024.04.07"]
[Round "11.2"]
[White "Saric, Ivan"]
[Black "Sulypa, Oleksandr"]
[Result "1-0"]
[ECO "B13"]
[WhiteElo "2689"]
[BlackElo "2449"]
[Annotator "TA"]
[PlyCount "59"]
[EventDate "2023.10.14"]
[EventCountry "CZE"]
[SourceTitle "playchess.com"]
[Source "ChessBase"]
[SourceQuality "1"]
[TimeControl "40/5400+30:1800+30"]

1. d4 d5 2. Nf3 Nf6 3. Bf4 c5 4. e3 Nc6 5. Nbd2 cxd4 6. exd4 Bg4 7. c3 a6 8. h3 Bxf3 9. Qxf3 e6 {[%emt 0:00:49] White has an edge.} 10. Bd3 Bd6 11. O-O Bxf4 12. Qxf4 Qb8 13. Qg5 O-O 14. Rae1 h6 15. Qh4 (15. Qe3 $1 $14) 15... e5 $1 $11 16. dxe5 Nxe5 17. Bc2 Re8 18. Nb3 Nc4 19. Nd4 Nd2 20. Rxe8+ Qxe8 21. Rd1 {[%emt 0:00:04][%cal Od4f5] Nf5! would now be deadly.} Nc4 22. Nf5 (22. Qg3 {simplifies} Qb8 23. Qxb8+ Rxb8 24. b3) 22... Qe2 {[%emt 0:02:39] [#]} (22... Qe5 {simplifies} 23. Qg3 Qxg3 24. Nxg3 Rc8) 23. Qg3 $1 Nh5 (23... g6 24. Bb3) 24. Nxh6+ Kf8 25. Qg4 $40 {[%emt 0:00:26][%mdl 128] White attacks. Dancing on a razor blade.} Qxc2 {[%emt 0:01:22] This move loses the game for Black.} ({Black should try} 25... Re8 $1 $14 26. Nxf7 (26. Rxd5 Nf6 $11) 26... Nf6 27. Qxe2 Rxe2) 26. Qxh5 $18 gxh6 $2 (26... Qg6 {was called for.} 27. Qxd5 Qxh6) 27. Qxh6+ Ke7 28. Qg5+ Kf8 29. Rxd5 {[%emt 0:00:10] [#] Black must now prevent Qh6+.} Qe4 30. b3 {[%emt 0:00:31] Weighted Error Value: White=0.09 (flawless) /Black=0.40.  Loses game:     	---       	Black=1      Mistake:       	White=1     	Black=1      Inaccurate:     	White=2     	Black=4      OK:         	White=11    	Black=6      Best:        	White=2     	Black=1      Strong:       	---       	Black=1} 1-0

[Event "Czech Extraliga 2023-24"]
[Site "Czech Republic"]
[Date "2024.04.07"]
[Round "11.2"]
[White "Michalik, Peter"]
[Black "Kempinski, Robert"]
[Result "1/2-1/2"]
[ECO "E18"]
[WhiteElo "2571"]
[BlackElo "2558"]
[Annotator "RC"]
[PlyCount "26"]
[EventDate "2023.10.14"]
[EventCountry "CZE"]
[SourceTitle "playchess.com"]
[Source "ChessBase"]
[SourceQuality "1"]
[TimeControl "40/5400+30:1800+30"]

1. d4 Nf6 2. c4 e6 3. Nf3 b6 4. g3 Bb7 5. Bg2 Be7 6. O-O O-O 7. Nc3 Ne4 8. Nxe4 Bxe4 9. Ne1 Bxg2 10. Nxg2 Re8 11. e4 d5 12. exd5 exd5 13. Qf3 Nc6 1/2-1/2

[Event "Czech Extraliga 2023-24"]
[Site "Czech Republic"]
[Date "2024.04.07"]
[Round "11.2"]
[White "Mihok, Oliver"]
[Black "Antoniewski, Rafal"]
[Result "1-0"]
[ECO "B41"]
[WhiteElo "2544"]
[BlackElo "2461"]
[Annotator "TA"]
[PlyCount "89"]
[EventDate "2023.10.14"]
[EventCountry "CZE"]
[SourceTitle "playchess.com"]
[Source "ChessBase"]
[SourceQuality "1"]
[TimeControl "40/5400+30:1800+30"]

1. e4 c5 2. Nf3 e6 3. d4 cxd4 4. Nxd4 a6 5. c4 Nf6 6. Nc3 Bb4 7. Qd3 {[%emt 0:00:37] B41: Sicilian: Kan Variation: 5 c4.} d5 8. exd5 exd5 9. Be2 O-O 10. O-O Nc6 11. Nxc6 bxc6 12. cxd5 Nxd5 13. Nxd5 Qxd5 14. Qxd5 (14. Qg3 {is interesting.} Bd6 15. Bf4 Bxf4 16. Qxf4 Be6 17. Rfc1) 14... cxd5 15. Bf4 a5 16. Rfd1 Be6 17. Bf3 Rfd8 18. Rac1 a4 $146 ({Predecessor:} 18... Be7 19. Be5 h6 20. Kf1 Rac8 21. Bc7 Rd7 22. Bxa5 Rxc1 23. Rxc1 d4 24. a3 d3 {1-0 Aryan,C (2610)-Gurel,E (2435) Biel HTO 55th 2022 (9)}) 19. Bc7 Rd7 20. Be5 Bf8 21. a3 g6 22. Rd4 Bg7 23. Bxg7 Kxg7 24. Rb4 Rd6 (24... Rdd8 $11) 25. Kf1 Ra5 26. Bd1 Bd7 27. Rc7 d4 28. Ke1 Bc6 29. g3 Re5+ 30. Kd2 Ree6 31. f4 Rf6 32. Rb6 d3 (32... Rde6 $16 {was necessary.} 33. Ra7 d3) 33. Ra7 $18 g5 (33... Rd4 $142 34. h4 Re6) 34. Bxa4 $18 gxf4 (34... Bxa4 $16 35. Rxd6 Rxd6 36. Rxa4 Rh6) 35. gxf4 $18 Be4 36. Rxd6 Rxd6 {[%emt 0:00:01] [#]} 37. Re7 $1 Bg6 38. Bd1 Rd4 39. Ke3 Rc4 40. h4 Rc1 41. Kd2 Rc4 42. h5 Kf6 $2 (42... Bf5 43. Re3 Kf6) 43. Rb7 (43. hxg6 $142 Kxe7 44. gxh7 (44. Kxd3 Rc6 $11)) 43... Bf5 $18 44. Rb4 Rc8 $2 (44... Rxb4 $16 {keeps fighting.} 45. axb4 h6) 45. Rb6+ 1-0

[Event "Czech Extraliga 2023-24"]
[Site "Czech Republic"]
[Date "2024.04.07"]
[Round "11.2"]
[White "Neugebauer, Martin"]
[Black "Navara, David"]
[Result "0-1"]
[ECO "B51"]
[WhiteElo "2525"]
[BlackElo "2678"]
[Annotator "TA"]
[PlyCount "54"]
[EventDate "2023.10.14"]
[EventCountry "CZE"]
[SourceTitle "playchess.com"]
[Source "ChessBase"]
[SourceQuality "1"]
[TimeControl "40/5400+30:1800+30"]

1. e4 c5 2. Nf3 d6 3. Bb5+ Nd7 4. d4 cxd4 5. Nxd4 Ngf6 6. Bd3 Nc5 7. Nc3 a6 8. Nb3 {[%emt 0:11:43] The position is equal.} Nxd3+ 9. Qxd3 e6 10. Bg5 h6 11. Bh4 b5 12. O-O-O b4 {[%emt 0:03:56] [#]} 13. e5 $1 bxc3 14. exf6 cxb2+ 15. Kb1 $1 {[%emt 0:00:05][%cal Of6g7] Threatens to win with fxg7!} g5 (15... gxf6 $2 16. Qf3 $18 (16. Kxb2 Be7 $17)) 16. Bg3 {[%emt 0:00:18][%mdl 1024] White has compensation.} Bb7 (16... Qxf6 $2 17. Bxd6 Bxd6 18. Qxd6 $18) 17. Rhe1 Qb6 {[%emt 0:05:29] [#] Inhibits Nc5.} ({Black should play} 17... Rc8 $1 $14) 18. Nd2 (18. Kxb2 Rc8 $11) (18. Bxd6 $6 Qxd6 (18... Bxg2 $2 19. Rxe6+ fxe6 20. Qg6+ Kd8 21. Bc5+ $18) 19. Qxd6 Bxd6 20. Rxd6 Bxg2 $15) (18. c4 $1 $16) 18... d5 $1 $132 {[%emt 0:22:51][%mdl 2048] [#] Black is fighting back} (18... Bxg2 $2 19. Nc4 Qc7 20. Nxd6+ (20. Bxd6 Bxd6 21. Nxd6+ Kf8 $14) 20... Bxd6 21. Bxd6 $16) 19. Nc4 $1 Qb5 {[%emt 0:00:08] [#] The board is on fire.} (19... dxc4 20. Qd7#) 20. Rxe6+ $1 fxe6 21. Qg6+ Kd8 22. Ne5 {[%emt 0:00:09] Hoping for Nf7+.} Kc8 $2 (22... Qe2 $11 {and Black is okay.} 23. Rd3 Rc8) 23. Nf7 $4 {[%emt 0:04:41][%mdl 8192] [#]} (23. Rd3 $18 {and all is fine.} Bc6 24. Rb3 Qf1+ 25. Kxb2) 23... d4 $1 $19 (23... Qe2 $2 24. Rd3 Bc6 25. Nxh8 $18) 24. Nxh8 $2 (24. Rxd4 Bc5 25. Qd3 Qxd3 26. Rxd3) 24... Bd5 {[%emt 0:00:16][%cal Od5a2] ( -> ...Bxa2+!)} 25. Qd3 Qa5 (25... Bxg2 26. Qxd4 Bd5 27. Ng6 $18 (27. Qxb2 Ra7 $16)) 26. a3 Bxa3 ({Worse is} 26... Bxg2 27. Qxd4 (27. Kxb2 Ra7 $17) 27... Bd5 28. a4 $18 (28. Kxb2 Qxa3+ 29. Kb1 Ba2+ 30. Ka1 Bb3+ 31. Kb1 Qa2+ 32. Kc1 Qxc2#)) 27. c4 dxc3 {[%emt 0:01:13] Weighted Error Value: White=0.82/Black=0.24 (precise) .  Loses game:     	---       	Black=1      Missed win:     	White=1     	---        Mistake:       	White=2     	Black=1      Inaccurate:     	White=2     	---        OK:         	White=9     	Black=8      Best:        	White=2     	Black=3      Strong:       	White=1     	Black=2      Brilliant:      	White=1     	---} (27... Bxg2 28. Qxd4 Bc6 29. Nf7 $11) 0-1

[Event "Czech Extraliga 2023-24"]
[Site "Czech Republic"]
[Date "2024.04.07"]
[Round "11.2"]
[White "Baidetskyi, Valentin"]
[Black "Samunenkov, Ihor"]
[Result "0-1"]
[ECO "C42"]
[WhiteElo "2485"]
[BlackElo "2533"]
[Annotator "TA"]
[PlyCount "102"]
[EventDate "2023.10.14"]
[EventCountry "CZE"]
[SourceTitle "playchess.com"]
[Source "ChessBase"]
[SourceQuality "1"]
[TimeControl "40/5400+30:1800+30"]

1. e4 e5 2. Nf3 Nf6 3. Nxe5 d6 4. Nd3 Nxe4 5. Qe2 Qe7 6. Nf4 {[%emt 0:00:26] C42: Petroff Defence: 3 Nxe5 and unusual White 3rd moves.} Nc6 7. Nd5 Nd4 8. Nxe7 Nxe2 9. Bxe2 Bxe7 10. Nc3 Nxc3 11. dxc3 $146 ({Predecessor:} 11. bxc3 Bf5 12. d3 Bf6 13. Bd2 O-O-O 14. g4 Bd7 15. g5 Be7 16. h4 Rde8 17. f4 {1-0 Nakamura,H (2766)-Andreikin,D (2729) Chess.com Rapid Wk14 KO 2022 (3.2)}) 11... Bf5 12. Bd3 Bxd3 13. cxd3 Kd7 14. Bd2 h5 15. h4 Rae8 16. O-O-O d5 17. Rde1 Bf6 18. g3 Re6 19. d4 b6 20. Rxe6 fxe6 21. Be3 Rf8 22. Rg1 e5 23. dxe5 Bxe5 24. Rd1 Ke6 25. Re1 Kf5 26. Bd4 Bxd4 27. cxd4 Kg4 28. Re2 (28. Re5 $1 $11) 28... a5 29. Kd2 {[%emt 0:00:32] [#]} (29. a3 $142) 29... Kh3 $1 $17 30. Ke1 Kg2 31. b3 c6 32. Re7 $2 (32. a4 $17) 32... Rxf2 $19 33. Rxg7 Rxa2 34. g4 hxg4 35. Rxg4+ Kf3 36. Rg6 Ke3 37. Kd1 (37. Kf1 $142 c5 (37... Kxd4 38. Rxc6 b5 39. h5 $17) 38. dxc5 bxc5 39. Re6+ Kd4 40. Rf6) 37... Kxd4 $19 38. Rxc6 b5 39. h5 Rh2 40. h6 b4 41. Kc1 Kd3 42. Kb1 d4 43. Kc1 Rh1+ 44. Kb2 Kd2 45. Rd6 d3 46. Re6 Rh2 47. Rd6 Ke3+ 48. Kc1 Rh1+ 49. Kb2 d2 50. h7 Rxh7 ({Worse is} 50... d1=B 51. Rxd1 Rxh7 52. Rd5 $11) 51. Re6+ Kd3 0-1

[Event "Czech Extraliga 2023-24"]
[Site "Czech Republic"]
[Date "2024.04.07"]
[Round "11.3"]
[White "Nguyen, Thai Dai Van"]
[Black "Hracek, Zbynek"]
[Result "1-0"]
[ECO "E07"]
[WhiteElo "2643"]
[BlackElo "2537"]
[Annotator "TA"]
[PlyCount "127"]
[EventDate "2023.10.14"]
[EventCountry "CZE"]
[SourceTitle "playchess.com"]
[Source "ChessBase"]
[SourceQuality "1"]
[TimeControl "40/5400+30:1800+30"]

1. c4 e6 2. g3 d5 3. Bg2 Nf6 4. Nf3 Be7 5. d4 O-O 6. Nc3 c6 7. O-O Nbd7 8. b3 b6 9. Qd3 Bb7 {[%emt 0:05:11] E07: Closed Catalan: Main Line (5 Nf3 0-0 6 0-0 Nbd7).} 10. e4 {[%emt 0:05:35] 10.Bb2 is the modern continuation.} dxe4 11. Nxe4 c5 12. Nxf6+ Bxf6 13. Ng5 Bxg5 14. Bxb7 Rb8 15. Bxg5 Qxg5 16. Bg2 Rfd8 17. Rad1 cxd4 18. Qxd4 a5 $146 ({Predecessor:} 18... Nc5 19. Qc3 Rxd1 20. Rxd1 Rd8 21. Rxd8+ Qxd8 22. b4 Nd7 23. c5 bxc5 24. bxc5 Qc7 {½-½ Theodorou,N (2627)-Triplett,L (1839) Pan American Intercollegiate-chT 2024 (1.6)}) 19. h4 Qc5 20. Qd2 Qc7 21. Qe3 Nf6 22. Bf3 h6 23. Rfe1 Rbc8 24. Kg2 Kf8 25. Qc3 Rxd1 26. Rxd1 Ke7 27. a3 Qc5 28. Qb2 Rd8 29. Rxd8 Kxd8 30. Be2 Ke7 31. b4 axb4 32. axb4 Qc6+ 33. Kg1 g5 34. hxg5 hxg5 35. Qc1 Qd6 36. c5 bxc5 37. bxc5 Qe5 38. c6 Nd5 39. Bf3 Nc7 40. Qd2 Kf6 41. Qd7 Qe1+ 42. Kg2 Qe5 43. Kh2 Kg6 44. Kg1 Qe1+ 45. Kg2 Qe5 46. Qe7 Kg7 47. Bh5 Qe4+ 48. Bf3 Qe5 49. Qd8 Na6 50. Qd7 Nc7 51. Bh5 Qe4+ $1 52. Kg1 (52. Kh2 $5 Qf5 53. Kg2 (53. Qxc7 Qxf2+ 54. Kh3 Qf1+ 55. Kh2 Qf2+ 56. Kh1 Qf1+ 57. Kh2 Qf2+ $11) 53... Qe4+ 54. Bf3 $16) 52... Qe1+ 53. Kg2 Qe4+ 54. Bf3 (54. Kh2 $5 Qf5 55. Kg2 $16 (55. Qxc7 Qxf2+ 56. Kh1 Qf1+ 57. Kh2 Qf2+ 58. Kh1 Qf1+ 59. Kh2 Qf2+ $11)) 54... Qe5 55. Qd8 Na6 56. Qc8 Nc7 57. Qb8 f5 58. Qd8 g4 $2 (58... Kg6 $11 {and Black stays safe.}) 59. Qg5+ $18 Kh7 $2 (59... Kf7 60. Bxg4 Qf6) 60. Bxg4 $18 Qg7 61. Qh4+ Kg8 62. Qd8+ Kh7 63. Bh5 Nd5 (63... Qe5 $142 64. Qg5 Qg7) 64. Qd7 1-0

[Event "Czech Extraliga 2023-24"]
[Site "Czech Republic"]
[Date "2024.04.07"]
[Round "11.3"]
[White "Plat, Vojtech"]
[Black "Hrbek, Stepan"]
[Result "1/2-1/2"]
[ECO "C45"]
[WhiteElo "2516"]
[BlackElo "2407"]
[Annotator "TA"]
[PlyCount "127"]
[EventDate "2023.10.14"]
[EventCountry "CZE"]
[SourceTitle "playchess.com"]
[Source "ChessBase"]
[SourceQuality "1"]
[TimeControl "40/5400+30:1800+30"]

1. e4 e5 2. Nf3 Nc6 3. d4 exd4 4. Nxd4 Bc5 5. Nxc6 Qf6 6. Qd2 dxc6 7. Nc3 Be6 8. Na4 Bd6 {[%emt 0:00:12] has lost popularity (8...Rd8).} 9. Qe3 {[%emt 0:06:51] C45: Scotch Game.} Nh6 10. h3 O-O 11. Bd3 Qh4 12. Qg5 Qxg5 13. Bxg5 b5 $146 ({Predecessor:} 13... f5 14. exf5 Nxf5 15. O-O h6 16. Bd2 Nh4 17. Rad1 Rae8 18. Rfe1 Bf5 19. Bxf5 Nxf5 {½-½ Nouveau,L (2274)-Jensen,B (2263) DEN-FRA email 2015 [10]}) 14. Nc3 a6 15. O-O-O f6 16. Be3 Nf7 17. f4 c5 18. e5 fxe5 19. f5 Bd7 20. Be4 Rad8 21. g4 Be7 {[%emt 0:01:54] [#]} ({Black should try} 21... Kh8 $14) 22. Bd5 (22. Nd5 $1 $16 Bg5 23. Rhe1) 22... c6 (22... Kh8 $14) 23. Bxf7+ Kxf7 24. Ne4 Bc8 25. Bxc5 Bxc5 26. Nxc5 g6 27. fxg6+ Kxg6 28. Rde1 Rde8 29. Re3 Kg5 30. Rhe1 Kh4 31. b4 (31. Rxe5 $6 Rxe5 32. Rxe5 Rf1+ 33. Kd2 Kxh3 $11) 31... Rf7 32. Kb2 (32. Rxe5 Rxe5 33. Rxe5 Kxh3 $17) (32. Ne4 $16 Ref8 33. Nd2) 32... Ref8 (32... e4 $1 $14) 33. Nd3 $16 e4 34. Rxe4 Kxh3 {[%emt 0:01:27] [#]} 35. g5 (35. Rh1+ $1 $16 Kg2 36. Rh6) 35... Rf1 $1 $14 36. R1e2 Bf5 (36... R8f3 $11 {remains equal.}) 37. R2e3+ $16 Kg2 38. Re7 (38. Nf4+ $16 Kh1 39. Rd4) 38... Bg6 $14 39. Ne5 R1f5 40. Nxg6 hxg6 41. R3e6 c5 ({Much weaker is} 41... Rxg5 $6 42. Rg7 (42. Rxc6 Rg4 $18) 42... Kf3 43. Rxc6 $16 (43. Rgxg6 Rxg6 44. Rxg6 Rf4 $16)) (41... Rg8 $11) 42. Rxg6 cxb4 43. Rxa6 Rxg5 44. Rc6 (44. Rae6 $142) 44... Rf4 $16 45. Re3 Kf2 46. Rce6 Rc4 47. R3e5 ({Better is} 47. Re2+ $16 Kf3 48. Rd2 (48. R6e3+ Kf4 $11)) 47... Rxe5 $11 48. Rxe5 Kf3 49. Rxb5 Ke4 $1 50. Kb3 Rc3+ 51. Kxb4 Rxc2 52. a4 Kd4 $1 53. Rh5 Rb2+ 54. Ka5 Kc4 55. Ka6 Rg2 56. Rb5 Rg8 57. Ka7 Rg7+ 58. Kb6 Rg6+ 59. Kb7 Rg7+ 60. Ka6 Rg8 61. Rh5 Ra8+ 62. Kb6 Rxa4 63. Rh4+ Kb3 64. Rxa4 1/2-1/2

[Event "Czech Extraliga 2023-24"]
[Site "Czech Republic"]
[Date "2024.04.07"]
[Round "11.3"]
[White "Jaracz, Pawel"]
[Black "Janik, Igor"]
[Result "1/2-1/2"]
[ECO "B12"]
[WhiteElo "2472"]
[BlackElo "2502"]
[Annotator "TA"]
[PlyCount "58"]
[EventDate "2023.10.14"]
[EventCountry "CZE"]
[SourceTitle "playchess.com"]
[Source "ChessBase"]
[SourceQuality "1"]
[TimeControl "40/5400+30:1800+30"]

1. e4 c6 2. d4 d5 3. e5 Bf5 4. c4 e6 5. Nc3 dxc4 6. Bxc4 Ne7 7. Nge2 Nd7 8. O-O Nb6 9. Bb3 Bg6 10. Ng3 Qd7 11. a4 a5 12. Be3 Ned5 13. Nge4 Be7 14. Qf3 O-O 15. Rad1 Nxe3 16. fxe3 Nd5 17. Nf2 Qc7 18. Bxd5 cxd5 19. Nd3 Qb6 20. Nb5 Rac8 (20... Be4 {with more complications.} 21. Qg4 Rac8 22. Rd2 Rc4) 21. Rd2 {[%emt 0:01:28] Against Rc2} Bxd3 22. Rxd3 Rc2 23. b3 Bb4 24. Qd1 {[%emt 0:01:12] The position is equal.} Rc6 25. Qg4 Qd8 26. e4 dxe4 27. Rg3 g6 28. Qxe4 Be7 29. Rgf3 Qd7 {[%emt 0:03:57] Weighted Error Value: White=0.08 (flawless) /Black=0.06 (flawless) .  Mistake:       	---       	Black=1      Inaccurate:     	White=2     	Black=2      OK:         	White=4     	Black=9} ({Black should play} 29... f5 $11 30. exf6 Bxf6) 1/2-1/2

[Event "Czech Extraliga 2023-24"]
[Site "Czech Republic"]
[Date "2024.04.07"]
[Round "11.3"]
[White "Stalmach, Richard"]
[Black "Petr, Martin"]
[Result "0-1"]
[ECO "E03"]
[WhiteElo "2433"]
[BlackElo "2474"]
[Annotator "TA"]
[PlyCount "50"]
[EventDate "2023.10.14"]
[EventCountry "CZE"]
[SourceTitle "playchess.com"]
[Source "ChessBase"]
[SourceQuality "1"]
[TimeControl "40/5400+30:1800+30"]

1. c4 e6 2. g3 d5 3. Bg2 dxc4 4. Qa4+ Nd7 5. Qxc4 Ngf6 6. d4 a6 7. Qc2 c5 8. dxc5 Bxc5 9. Nf3 {[%emt 0:00:41][%cal Bg1f3,Bf3e5,Be5d7][%mdl 32] The position is equal.} b6 10. O-O Bb7 11. Rd1 Rc8 12. Nc3 b5 {[%emt 0:00:41] [#] Hoping for ...b4.} 13. Ne5 Qb6 14. Nxd7 $1 Bxf2+ 15. Kf1 Bxg2+ $1 (15... Nxd7 $2 16. Bxb7 Bg1 17. e3 (17. Bxc8 $2 Qf2#) 17... Qxb7 18. Kxg1 $18) 16. Kxg2 Nxd7 17. Bf4 (17. Qd3 $11 Ne5 18. Qe4) 17... Bd4 {[%emt 0:07:49] [#] White must now prevent ...e5.} 18. Qd3 Qc6+ (18... e5 $17 {...Qc6+ would now be deadly.} 19. Rac1 O-O 20. Bxe5 Qb7+ (20... Nxe5 21. Qxd4 Qxd4 22. Rxd4 $15) 21. e4 (21. Qf3 Qxf3+ 22. exf3 Be3 $17) 21... Bxe5 (21... Nxe5 22. Qxd4 Rfe8 23. Nd5 $15) 22. Qxd7 Qxd7 23. Rxd7 b4) 19. Kh3 $2 {[%emt 0:05:08] Loses the game.} (19. Ne4 $15 O-O (19... Bxb2 20. Rac1 $11) 20. Qxd4) 19... e5 $19 (19... Bxc3 20. Qxc3 Qxc3 21. bxc3 $19) 20. Ne4 O-O 21. e3 $2 (21. Rac1 Qe6+ 22. Kg2) 21... Bxb2 {[%emt 0:02:21] Black is clearly winning.} 22. Rab1 exf4 23. Rxb2 Ne5 24. Qd4 Qe6+ 25. Kg2 Rc4 {[%emt 0:01:51] Weighted Error Value: White=0.73/Black=0.13 (very precise) .  Loses game:     	White=1     	---        Mistake:       	White=2     	Black=1      Inaccurate:     	White=1     	Black=1      OK:         	White=5     	Black=5      Best:        	White=1     	---        Strong:       	White=1     	Black=1} 0-1

[Event "Czech Extraliga 2023-24"]
[Site "Czech Republic"]
[Date "2024.04.07"]
[Round "11.3"]
[White "Volosin, Leon"]
[Black "L'Ami, Erwin"]
[Result "0-1"]
[ECO "D35"]
[WhiteElo "2400"]
[BlackElo "2627"]
[Annotator "TA"]
[PlyCount "102"]
[EventDate "2023.10.14"]
[EventCountry "CZE"]
[SourceTitle "playchess.com"]
[Source "ChessBase"]
[SourceQuality "1"]
[TimeControl "40/5400+30:1800+30"]

1. d4 d5 2. c4 e6 3. Nc3 Nf6 4. cxd5 exd5 5. Bg5 c6 6. e3 Bf5 7. Qf3 Bg6 8. Bxf6 Qxf6 9. Qxf6 gxf6 10. Nf3 a5 11. Kd2 Nd7 12. Bd3 Nb6 {[%emt 0:09:22] The position is equal.} 13. Nh4 Bb4 (13... Nc4+ {simplifies} 14. Bxc4 dxc4 15. Nxg6 hxg6 16. h4 Kd7) 14. a3 Bxc3+ 15. bxc3 {[%emt 0:02:14] Threatens to win with Nxg6.} Nc8 16. c4 dxc4 17. Bxc4 Nd6 18. Bd3 O-O-O 19. Ke2 a4 20. Nxg6 hxg6 21. h4 f5 22. g3 Kd7 23. Rhc1 Ra8 24. Rc5 b6 25. Rc2 Rhc8 26. Rb2 Kc7 27. Rab1 b5 28. Rc1 Kb6 29. Rc5 (29. Rbc2 $14) 29... Nb7 $1 $11 30. Rc1 Ra5 (30... Nd6 $11) 31. Bc4 (31. Rbb1 $14) 31... Nd6 32. Ba2 Ra7 33. f3 Rac7 34. Rbc2 Nb7 35. Rd1 c5 36. dxc5+ Nxc5 37. Rd6+ Ka5 38. Bd5 Na6 39. Rxc7 Rxc7 {[%emt 0:00:15][%mdl 4096] Endgame. KRB-KRN} 40. Rf6 b4 41. Rxf7 Rc2+ (41... bxa3 42. Rxc7 Nxc7 43. Bg8 $16) 42. Kd3 $2 {[%emt 0:01:53][%mdl 8192] [#] White does not recover from this.} (42. Kd1 $15 b3 43. Rb7) 42... Rc5 $1 $19 43. Bc4 {[%emt 0:06:28] And now Ra7 would win.} bxa3 44. Ra7 {[%emt 0:00:32] [#]} (44. Rd7 $142 Nb4+ 45. Kc3 Rxc4+ 46. Kxc4) 44... Rxc4 $1 45. Kxc4 {[%emt 0:00:09] KR-KN} a2 {[%emt 0:00:05] ( -> ...a3)} 46. Rb7 a3 47. Rb5+ Ka4 48. Rb6 Nc7 49. Rb7 Ka5 ({Weaker is} 49... a1=B 50. Ra7+) 50. Ra7+ Na6 51. Rb7 a1=Q {[%emt 0:00:24] Weighted Error Value: White=0.65/Black=0.06 (flawless) .  Loses game:     	White=1     	---        Mistake:       	White=3     	Black=1      Inaccurate:     	White=2     	Black=1      OK:         	White=6     	Black=10     Best:        	White=1     	Black=2      Strong:       	---       	Black=2      Brilliant:      	---       	Black=1} ({Stronger than} 51... a1=B 52. Rb5+ Ka4 53. Rb6 $11) 0-1

[Event "Czech Extraliga 2023-24"]
[Site "Czech Republic"]
[Date "2024.04.07"]
[Round "11.4"]
[White "Movsesian, Sergei"]
[Black "Anton Guijarro, David"]
[Result "1/2-1/2"]
[ECO "B13"]
[WhiteElo "2616"]
[BlackElo "2673"]
[Annotator "TA"]
[PlyCount "78"]
[EventDate "2023.10.14"]
[EventCountry "CZE"]
[SourceTitle "playchess.com"]
[Source "ChessBase"]
[SourceQuality "1"]
[TimeControl "40/5400+30:1800+30"]

1. e4 c6 2. d4 d5 3. exd5 cxd5 4. Bd3 Nc6 5. c3 Qc7 6. h3 e6 7. Nf3 Bd6 8. O-O Nf6 9. Re1 O-O 10. a4 Bd7 11. Na3 a6 {[%emt 0:00:41] Wards off Nb5} 12. Bg5 Ne7 13. Ne5 Be8 14. Bh4 Ng6 15. Bg3 Bc6 16. c4 (16. Nxg6 {simplifies} hxg6 17. Bxd6 Qxd6 18. Nc2) 16... Qe7 17. Nxg6 hxg6 (17... fxg6 {seems wilder.} 18. Bxd6 Qxd6 19. Qd2 dxc4 20. Nxc4 Qxd4 21. Bf5 Qxd2 22. Bxe6+ Kh8) 18. Bxd6 Qxd6 19. c5 Qf4 20. Nc2 a5 21. Qc1 Qh4 22. Qe3 g5 23. f3 Nh5 24. Qf2 Rfe8 25. Bb5 Nf4 26. Re3 Qh6 27. Kh2 Qf6 28. Rae1 Rec8 29. Rc3 Rab8 30. Qd2 Ng6 31. Ne3 Nh4 32. Ng4 Qf4+ 33. Qxf4 gxf4 34. Bd3 Be8 35. Rb1 f6 36. b4 axb4 37. Rxb4 Ra8 38. Bc2 Bc6 ({Black should try} 38... Ra7) 39. g3 $11 fxg3+ {[%emt 0:00:35] Weighted Error Value: White=0.10 (very precise) /Black=0.13 (very precise) .  Mistake:       	---       	Black=1      Inaccurate:     	White=6     	Black=7      OK:         	White=12    	Black=12     Best:        	White=1     	---} 1/2-1/2

[Event "Czech Extraliga 2023-24"]
[Site "Czech Republic"]
[Date "2024.04.07"]
[Round "11.4"]
[White "Krejci, Jan"]
[Black "Miesbauer, Jan"]
[Result "1-0"]
[ECO "A18"]
[WhiteElo "2530"]
[BlackElo "2385"]
[Annotator "TA"]
[PlyCount "59"]
[EventDate "2023.10.14"]
[EventCountry "CZE"]
[SourceTitle "playchess.com"]
[Source "ChessBase"]
[SourceQuality "1"]
[TimeControl "40/5400+30:1800+30"]

1. c4 Nf6 2. Nc3 e6 3. e4 d5 4. e5 Ne4 5. Nf3 c5 6. cxd5 Nxc3 7. dxc3 {[%emt 0:03:36] [#] d6 would now be deadly.} Qxd5 8. Qc2 {[%emt 0:07:59] White is slightly better.} Nd7 9. Bf4 h6 10. Qa4 ({White should play} 10. Be2 $16) 10... a6 $11 11. Rd1 b5 $1 12. Qc2 Qc6 13. c4 bxc4 14. Bxc4 Nb6 15. Be2 Bb7 16. h4 Be7 17. Rh3 Qa4 18. Qxa4+ Nxa4 19. Rg3 g6 (19... Nxb2 $2 20. Rb1 $18) (19... Rb8 $11) 20. Nd2 $14 Bxh4 21. Ra3 Nb6 22. Rb3 Bd8 23. Nc4 $36 {[%emt 0:00:10][%mdl 2048] White has good play.} Nxc4 24. Rxb7 Ba5+ $2 {[%emt 0:01:50][%mdl 8192] [#] Black is weak on the light squares. Loses the game.} (24... Na5 $14 25. Rbd7 Bg5) 25. Kf1 $18 g5 26. Bxc4 gxf4 27. Rdd7 O-O 28. Bxe6 Rad8 $2 ({Stronger than} 28... fxe6 29. Rg7+ Kh8 30. Rh7+ Kg8 31. Rbg7#) (28... Rfb8 29. Rxb8+ (29. Rxf7 Rxb7 30. Rxb7+ Kf8 $18) (29. Bxf7+ Kf8 $18) 29... Rxb8) 29. Bxf7+ Kg7 30. Bh5+ {[%emt 0:00:33] Weighted Error Value: White=0.10 (very precise) /Black=0.29 (precise) .  Loses game:     	---       	Black=1      Mistake:       	White=1     	Black=2      Inaccurate:     	White=1     	Black=2      OK:         	White=6     	Black=9      Best:        	White=6     	Black=2      Strong:       	---       	Black=1} 1-0